 Dungeon Crawl Stone Soup version 0.29.1-2-gbd0b4ee654 (webtiles) character file.

Game seed: 6063077313604439490

25 funnyparkerb the Sneak (level 3, -2/18 HPs)
             Began as a Vine Stalker Brigand on Nov 15, 2022.
             Killed from afar by an orc wizard (4 damage)
             ... with a puff of flame
             ... on level 4 of the Dungeon.
             The game lasted 00:01:38 (1477 turns).

funnyparkerb the Sneak (Vine Stalker Brigand)       Turns: 1477, Time: 00:01:39

Health: -2/18      AC:  3    Str: 13    XL:     3   Next: 4%
Magic:  0/4        EV: 12    Int: 11    God:
Gold:   127        SH:  0    Dex: 17    Spells: 2/2 levels left

rFire   . . .      SeeInvis .   j - +1 dagger (speed)
rCold   . . .      Faith    .   (no shield)
rNeg    . . .      Spirit   +   b - +0 robe
rPois   .          Reflect  .   (no helmet)
rElec   .          Harm     .   g - +0 cloak
rCorr   .          Rampage  .   (no gloves)
Will    .....                   (no boots)
Stlth   +++.......              (no amulet)
HPRegen 0.06/turn               (no ring)
MPRegen 0.09/turn               (no ring)

@: attractive
A: fangs 2, magic shield, antimagic bite, no potion heal 2
a: no special abilities


You were on level 4 of the Dungeon.
You visited 1 branch of the dungeon, and saw 3 of its levels.

You collected 127 gold pieces.

Inventory:

Hand Weapons
 j - a +1 dagger of speed (weapon)
Missiles
 d - 12 poisoned darts (quivered)
 e - 3 curare-tipped darts
Armour
 b - a +0 robe (worn)
 g - a +0 cloak (worn)
Jewellery
 f - a ring of fire
Wands
 l - a wand of flame (31)
Scrolls
 a - a scroll of noise {unknown}
 c - 3 scrolls of identify {unknown}
 i - a scroll of summoning {unknown}
 k - a scroll of immolation {unknown}
 m - a scroll of silence {unknown}


   Skills:
 + Level 2.1 Fighting
 * Level 2.5 Short Blades
 - Level 1.7 Throwing
 + Level 1.2 Dodging
 - Level 4.8 Stealth


You had 2 spell levels left.
You didn't know any spells.
Your spell library was empty.

Dungeon Overview and Level Annotations

Branches:
Dungeon (4/15)             Temple (0/1) D:4

Altars:


Innate Abilities, Weirdness & Mutations

You have extremely sharp teeth.
When hurt, damage is shared between your health and your magic reserves.
Your bite disrupts and absorbs the magic of your enemies.
Potions cannot restore your health.


Message History

The ball python bites you but does no damage.
The ball python constricts you.
It was a potion of attraction.
You feel attractive to monsters. The goblin barely misses you.
The orc wizard falters for a moment.
The ball python bites you. The ball python constricts you.
You barely miss the orc.
The orc is severely wounded.
The goblin hits you with a +0 dagger.
* * * LOW HITPOINT WARNING * * *
The orc barely misses you. The orc wizard barely misses you.
The orc misses you. The ball python bites you.
* * * LOW HITPOINT WARNING * * *
The ball python constricts you.
* * * LOW HITPOINT WARNING * * *
You hit the orc.
You kill the orc!
The goblin closely misses you.
The orc wizard gestures wildly while chanting.
The orc wizard flickers and vanishes!
Deactivating autopickup; reactivate with Ctrl-A.
The ball python barely misses you. The ball python constricts you.
The orc barely misses you.
You have reached level 3!
Your experience leads to an increase in your attributes!
Increase (S)trength, (I)ntelligence, or (D)exterity?
You feel agile. x2
You escape the ball python's grasp.
The goblin hits you but does no damage. The orc hits you with a +0 dagger.
* * * LOW HITPOINT WARNING * * *
You see here a +0 mace.
The orc attacks as you move away! The orc barely misses you.
The goblin hits you but does no damage. The goblin attacks as you move away!
The goblin hits you but does no damage.
There is a staircase to the Ecumenical Temple here.
The goblin misses you.
You hear some strange, mumbled words.
A puff of flame appears from out of thin air!
The puff of flame hits you.
You die...

######..## #.#
#......## #.#
######.###### #..
#...........# ##
#...#...#...# #..
#.⌠.# ..#
#.###...###.##
##............#
##...⌠..@..⌠...#
.......g{S.....##
....###)o.###...
......#.⌠.#...##
......#...#...#
..............#
.........).####
......>...#......
........:.#.#####


You could see an orc, a goblin and a ball python.

Vanquished Creatures
  A dart slug (D:2)
  2 orcs (D:4)
  3 endoplasms (D:1)
  A giant cockroach (D:2)
  5 goblins (D:1)
  A hobgoblin (D:1)
  2 bats (D:1)
  2 frilled lizards (D:1)
  A kobold (D:1)
  A rat (D:2)
19 creatures vanquished.

Notes
Turn   | Place    | Note
-------+----------+-------------------------------------------
     0 | D:1      | funnyparkerb the Vine Stalker Brigand began the quest for
                  | the Orb.
     0 | D:1      | Reached XP level 1. HP: 11/11 MP: 2/2
    73 | D:1      | Found a faded altar of an unknown god.
   399 | D:1      | Reached skill level 1 in Dodging
   428 | D:1      | Reached XP level 2. HP: 15/15 MP: 1/3
  1404 | D:2      | You fall into a shaft and drop 2 floors!
  1451 | D:4      | Found a staircase to the Ecumenical Temple.
  1474 | D:4      | Reached XP level 3. HP: 2/18 MP: 1/4
  1477 | D:4      | Killed from afar by an orc wizard

Illustrated notes

Levels and vault maps discovered:
D:1:      lightli_arrival_farm, layout_basic,
          hellmonk_ecumenical_altar_slurped_away, minmay_liquid_box
D:2:      layout_basic, serial_aquarium, aquarium_bridge_straight
          [aquarium_subvault_bridge, aquarium_subvault_window,
          aquarium_subvault_bridge, aquarium_subvault_balcony],
          aquarium_window_fake, aquarium_window_1, aquarium_window_fake,
          aquarium_view_2b
D:4:      layout_basic, minmay_temple_entry_junction_2, uniq_pikel, uniq_ijyb,
          uniq_menkaure

Skill      XL: |  1  2 |
---------------+-------+-----
Short Blades   | 2 |  2.5
Dodging        | 1 |  1.2
Fighting       | 2 |  2.1
Throwing       | |  1.7
Stealth        | |  4.8

Action                   || total
-------------------------++-------
Melee: Dagger            ||    39
       Bite              ||     7
  Use: Potion            ||     2
 Stab: Sleeping          ||     7
       Distracted        ||     1
Armor: Robe              ||     7
Dodge: Dodged            ||    41
